 Dungeon Crawl Stone Soup version 0.31-a0-217-g58bb5d79cf (webtiles) character file.

Game seed: 1214391316247342995

612 Zonian the Magician (level 7, -11/54 HPs)
             Began as a Deep Elf Earth Elementalist on July 2, 2023.
             Was a Follower of Ashenzari.
             Mangled by an orc wizard
             ... wielding a +1 dagger of electrocution
              (17 damage)
             ... on level 6 of the Dungeon.
             The game lasted 00:10:53 (5119 turns).

Zonian the Magician (Deep Elf Earth Elementalist)   Turns: 5119, Time: 00:10:53

Health: -11/54     AC: 27    Str:  5    XL:     7   Next: 20%
Magic:  9/18       EV:  2    Int: 22    God:    Ashenzari [*.....]
Gold:   55         SH:  0    Dex: 15    Spells: 12/18 levels left

rFire   . . .        x - +1 short sword (speed)
rCold   . . .        (no shield)
rNeg    . . .        u - melded +1 robe of Hubris {rF+ Str+4}
rPois   +            (helmet currently unavailable)
rElec   .            (cloak currently unavailable)
rCorr   .            (gloves currently unavailable)
SInv    .            (boots currently unavailable)
Will    .....        (no amulet)
Stlth   +++          i - ring "Per Aspera Ad Scientiam" {Slay+4, Evo, Alch} (curse)
HPRegen 0.29/turn    A - ring of the Astrological Moon {AC+4, Melee, Bglg} (curse)
MPRegen 0.16/turn

%: no passive effects
@: tree-form
A: stationary, stasis, torment immunity, boosted hp
a: Renounce Religion, Shatter the Chains


You were on level 6 of the Dungeon.
You worshipped Ashenzari.
Ashenzari was aware of your devotion.
You were a tree.
You visited 1 branch of the dungeon, and saw 6 of its levels.

You collected 186 gold pieces.
You spent 131 gold pieces at shops.

Inventory:

Hand Weapons
 p - a +0 rapier
 v - a +0 antimagic dagger
 x - a +1 short sword of speed (weapon)
Missiles
 g - 12 poisoned darts
 k - 6 boomerangs of dispersal
 y - a throwing net
Armour
 a - a +0 robe
 c - a +0 leather armour
 u - the +1 robe of Hubris (melded) {rF+ Str+4}
   (You bought it in a shop on level 4 of the Dungeon)

   Str:       It affects your strength (+4).
   rF:        It protects you from fire.
 w - a +0 ring mail
Jewellery
 h - the ring "Oddemoabb" {rF+ Dex+4}
   (You acquired it on level 5 of the Dungeon)

   [ring of protection from fire]

   Dex:       It affects your dexterity (+4).
   rF:        It protects you from fire.
 i - the cursed ring "Per Aspera Ad Scientiam" (left branch) {Slay+4, Evo, Alch}
   (You found it on level 2 of the Dungeon)

   [ring of slaying]

   Slay:      It affects your accuracy & damage with ranged weapons and melee
   (+4).
   It has a curse which improves the following skills: Evocations: Evocations.
   Alchemy:   Poison Magic and Transmutations.
 A - the cursed ring of the Astrological Moon (right branch) {AC+4, Melee, Bglg}
   (You found it on level 5 of the Dungeon)

   [ring of protection]

   AC:        It affects your AC (+4).
   It has a curse which improves the following skills: Melee Combat: Short
   Blades, Long Blades, Axes, Maces & Flails, Polearms, Staves and Unarmed
   Combat.
   Beguiling: Conjurations, Hexes and Translocations.
Scrolls
 e - 2 scrolls of noise
 f - 8 scrolls of identify
 j - a scroll of vulnerability
 n - 2 scrolls of enchant weapon
 o - a scroll of butterflies
 q - a scroll of torment
 r - a scroll of enchant armour
 s - a scroll of fog
 t - a scroll of immolation
 B - a scroll of poison
Potions
 b - a potion of magic
 d - a potion of curing
 l - a potion of haste
 m - a potion of lignification
 z - a potion of brilliance


   Skills:
 - Level 4.1 Dodging
 - Level 4.5 Stealth
 + Level 6.0 Spellcasting
 + Level 2.7(3.4) Conjurations
 - Level 2.0(2.6) Transmutations
 + Level 5.5 Earth Magic


You had 12 spell levels left.
You knew the following spells:

 Your Spells              Type           Power      Damage    Failure   Level
a - Sandblast             Erth           60%        2d14      1%          1
b - Passwall              Tmut/Erth      20%        N/A       2%          2
c - Stone Arrow           Conj/Erth      52%        3d10      4%          3

Your spell library contained the following spells:

 Spells                   Type           Power      Damage    Failure   Level
 Blink                    Tloc           12%        N/A       13%         2
 Petrify                  Tmut/Erth      24%        N/A       17%         4
 Portal Projectile        Hex/Tloc       12%        N/A       26%         3
 Tukima's Dance           Hex            6%         N/A       26%         3
 Manifold Assault         Tloc           6%         N/A       65%         4
 Blade Hands              Tmut           9%         N/A       65%         5
 Storm Form               Tmut/Air       6%         N/A       100%        7


Dungeon Overview and Level Annotations

Branches:
Dungeon (6/15)
 Temple: D:4-7

Altars:
Ashenzari
Elyvilon
Fedhas
Gozag
Hepliaklqana
Xom
The Shining One

Shops:
D:1 ?   D:4 [

Annotations:
D:6 Duvessa


Message History

Confirm with . or Enter, or press ? or * to list all spells.
Aiming: Sandblast (safe; 1% risk of failure)
Press: ? - help, Shift-Dir - straight line, f - Duvessa
Aim: Duvessa, wielding a +0 rapier and wearing a +0 ring mail (berserk, 88% to hit)
The blast of sand hits Duvessa.
Duvessa is lightly wounded.
Duvessa barely misses you. Duvessa hits you with a +0 rapier!
The orc wizard casts a spell at you. The magic dart hits you!
Casting: Sandblast (safe; 1% risk of failure)
Confirm with . or Enter, or press ? or * to list all spells.
Aiming: Sandblast (safe; 1% risk of failure)
Press: ? - help, Shift-Dir - straight line, f/p - Duvessa
Aim: Duvessa, wielding a +0 rapier and wearing a +0 ring mail (lightly wounded, berserk, 88% to hit)
The blast of sand hits Duvessa but does no damage.
Duvessa is lightly wounded.
Duvessa hits you with a +0 rapier.
The orc wizard hits you but does no damage.
You are electrocuted!
Duvessa hits you but does no damage.
The orc wizard hits you but does no damage.
You are electrocuted!
* * * LOW HITPOINT WARNING * * *
Duvessa hits you with a +0 rapier.
* * * LOW HITPOINT WARNING * * *
You feel better. Duvessa hits you with a +0 rapier!
* * * LOW HITPOINT WARNING * * *
The orc wizard hits you but does no damage.
Unknown command.
Casting: Sandblast (safe; 1% risk of failure)
Confirm with . or Enter, or press ? or * to list all spells.
Aiming: Stone Arrow (dangerous; 4% risk of failure)
Press: ? - help, Shift-Dir - straight line, f/p - Duvessa
Aim: Duvessa, wielding a +0 rapier and wearing a +0 ring mail (lightly wounded, berserk, 79% to hit)
The stone arrow hits Duvessa!!
Duvessa is heavily wounded.
Duvessa hits you with a +0 rapier.
* * * LOW HITPOINT WARNING * * *
The orc wizard hits you but does no damage.
You are electrocuted!
You die...

### .. #.. .. #.# .# #.#
.## # #.# ..#.### ..# #)#
#............
#.###.#####o........ ..#
#...<.....♣o.# #.# o.###
#######...#ef#####.##...)
#................#.#
#.#.##.#.#...$.....# # #.
......[....<=.# #
#....<..#.### #######.#.#
#.# #.#


You could see Duvessa (berserk), a sleepcap, an orc wizard and an orc.

Vanquished Creatures
  3 scorpions
  Dowan (D:6)
  A hound (D:5)
  An orc priest (D:5)
  A sleepcap (D:5)
  3 iguanas (D:5)
  An orc wizard (D:6)
  10 adders
  A white imp (D:4)
  An ufetubus (D:5)
  2 dart slugs (D:1)
  9 orcs
  8 ball pythons
  2 bats (D:1)
  11 endoplasms
  2 giant cockroaches
  4 goblins
  5 hobgoblins
  15 jackals
  6 kobolds
  3 frilled lizards
  5 rats
95 creatures vanquished.

Notes
Turn   | Place    | Note
-------+----------+-------------------------------------------
     0 | D:1      | Zonian the Deep Elf Earth Elementalist began the quest for
                  | the Orb.
     0 | D:1      | Reached XP level 1. HP: 10/10 MP: 6/6
     1 | D:1      | Noticed an electric eel
    93 | D:1      | Reached XP level 2. HP: 15/15 MP: 6/8
   280 | D:1      | Found Miuzij's Magic Scroll Emporium.
   394 | D:1      | Reached XP level 3. HP: 19/19 MP: 5/9
  1311 | D:2      | Learned a level 2 spell: Passwall
  1368 | D:2      | Reached XP level 4. HP: 21/24 MP: 6/11
  1948 | D:3      | Found a white marble altar of Elyvilon.
  2187 | D:3      | Found a broken altar of Ashenzari.
  2194 | D:3      | Became a worshipper of Ashenzari the Shackled
  2278 | D:3      | Found a glowing golden altar of the Shining One.
  2285 | D:3      | Reached skill level 4 in Spellcasting
  2558 | D:4      | Learned a level 3 spell: Stone Arrow
  2741 | D:4      | Found Owiajoc's Antique Armour Emporium.
  2752 | D:4      | Bought a silken robe for 131 gold pieces
  2752 | D:4      | Identified the +1 robe of Hubris {rF+ Str+4} (You bought it
                  | in a shop on level 4 of the Dungeon)
  2888 | D:4      | Noticed a scorpion
  2898 | D:4      | Killed a scorpion
  2899 | D:4      | Reached XP level 5. HP: 28/28 MP: 8/13
  3362 | D:5      | Entered Level 5 of the Dungeon
  3495 | D:5      | Found a blossoming altar of Fedhas.
  3506 | D:5      | Reached XP level 6. HP: 8/32 MP: 10/15
  3963 | D:5      | Found a shimmering altar of Xom.
  3975 | D:5      | Found an opulent altar of Gozag.
  4048 | D:5      | Found a hazy altar of Hepliaklqana.
  4152 | D:5      | Reached skill level 5 in Spellcasting
  4152 | D:5      | Reached skill level 1 in Conjurations
  4237 | D:5      | Reached * piety under Ashenzari
  4237 | D:5      | Identified a scroll of acquirement
  4367 | D:5      | Reached skill level 5 in Earth Magic
  4491 | D:5      | Upgraded the game from 0.31-a0-214-gb37851dbb3 to
                  | 0.31-a0-217-g58bb5d79cf
  4498 | D:6      | Noticed Duvessa
  4498 | D:6      | Noticed Dowan
  4735 | D:5      | Acquired the ring "Oddemoabb" {rF+ Dex+4}
  4740 | D:6      | Killed Dowan
  4741 | D:6      | Reached XP level 7. HP: 36/36 MP: 14/17
  5115 | D:6      | Reached skill level 6 in Spellcasting
  5119 | D:6      | Mangled by an orc wizard

Illustrated notes

Levels and vault maps discovered:
D:1:      arrival_aquarium_a, layout_basic, serial_shops, nicolae_shop_crystal
D:2:      layout_basic
D:3:      layout_basic, general_overflow_altar, elyvilon_altar_3,
          old_standard_altar
D:4:      layout_basic, serial_shops, shop
D:5:      layout_rooms, nicolae_overflow_quartered_altars
D:6:      layout_loops_ring, vehumet_altar_wand_db,
          mainiacjoe_overflow_alcove_2, minmay_temple_entry_gardened_gates,
          uniq_duvessa

Skill      XL: |  1  2  3  4  5  6  7 |
---------------+----------------------+-----
Stealth        | 3 4 |  4.5
Dodging        | 3 4 |  4.1
Transmutations | 2 |  2.0
Earth Magic    | 4 5 |  5.5
Spellcasting   | 4 5 6 |  6.0
Conjurations   | 2 |  2.7

Action                     |  1- 3 |  4- 6 |  7- 9 || total
---------------------------+-------+-------+-------++-------
  Melee: Unarmed           |     1 |       |       ||     1
         Short sword       |       |     4 |       ||     4
         Punch             |       |     1 |       ||     1
   Cast: Sandblast         |    57 |    99 |    14 ||   170
         Stone Arrow       |       |       |     1 ||     1
 Invoke: Curse Item        |       |     2 |       ||     2
    Use: Scroll            |       |     1 |       ||     1
         Potion            |       |       |     2 ||     2
   Stab: Sleeping          |       |     2 |       ||     2
 Armour: Robe              |     5 |    10 |     8 ||    23
         Skin              |       |       |     7 ||     7
  Dodge: Dodged            |    15 |    39 |    15 ||    69

Table legend: (Time is in decaauts)
 A = Elapsed time spent in this place.
 B = Non-inter-level travel time spent in this place.
 C = Inter-level travel time spent in this place.
 D = Time resting spent in this place.
 E = Time spent auto-exploring this place.
 F = Levels seen in this place.
 G = Mean time per level.
                   A        B        C        D        E       F      G
               +--------+--------+--------+--------+--------+-----+--------+
         Total |   5204 |   4891 |    313 |   1187 |   2826 |   6 |  867.3 |
       Dungeon |   5204 |   4891 |    313 |   1187 |   2826 |   6 |  867.3 |
               +--------+--------+--------+--------+--------+-----+--------+

Top non-repeatable levels by time:
     D:5: 1745 daAuts
     D:1: 1162 daAuts
     D:4: 830 daAuts
     D:2: 759 daAuts
     D:3: 658 daAuts
     D:6: 47 daAuts
